 Dungeon Crawl Stone Soup version 0.22-a0-570-g58866f5d57 (webtiles) character file.

3774 PikkenKukken the Schismatic (level 9, 0/70 (71) HPs)
             Began as a Demonspawn Abyssal Knight on June 30, 2018.
             Was an Elder of Lugonu.
             Slain by a tengu warrior
             ... wielding a +0 long sword
              (2 damage)
             ... on level 7 of the Dungeon.
             The game lasted 00:27:02 (8135 turns).

PikkenKukken the Schismatic (DsAK)                  Turns: 8135, Time: 00:27:03

HP:   0/70 (71)     AC: 11    Str: 19    XL:     9   Next: 95%
MP:   14/14         EV: 13    Int: 14    God:    Lugonu [****..]
Gold: 393           SH:  6    Dex: 14    Spells: 8/8 levels left

rFire    + . .     SeeInvis .   a - +1 war axe (venom)
rCold    + . .     Gourm    +   (no shield)
rNeg     . . .     Faith    .   h - +3 scale mail {rF+}
rPois    .         Spirit   .   t - +1 hat
rElec    .         Reflect  .   (no cloak)
rCorr    .         Harm     .   (no gloves)
MR       .....                  (no boots)
Stlth    +.........             n - amulet of the gourmand
HPRegen  0.21/turn              s - ring of protection from cold
MPRegen  0.14/turn              (no ring)

@: mighty
A: antennae 2, large bone plates 2, nightstalker 1, powered by death 1
a: Depart the Abyss, Bend Space, Banish, Corrupt, Renounce Religion


You were on level 7 of the Dungeon.
You worshipped Lugonu.
Lugonu was greatly pleased with you.
You were very full.

You visited 1 branch of the dungeon, and saw 8 of its levels.
You visited the Abyss 1 time.

You collected 393 gold pieces.

Inventory:

Hand Weapons
 a - a +1 war axe of venom (weapon)
 b - a +0 fustibalus
 r - a +2 hand axe
 y - a +0 hunting sling of velocity
Missiles
 f - 181 bolts
 k - 282 stones (quivered)
 z - 20 sling bullets
Armour
 h - a +3 scale mail of fire resistance (worn)
 t - a +1 hat (worn)
Jewellery
 n - an amulet of the gourmand (around neck)
 s - a ring of protection from cold (left hand)
Wands
 l - a wand of flame (35)
 p - a wand of acid (8)
 x - a wand of enslavement (15)
 A - a wand of iceblast (6)
Scrolls
 e - 4 scrolls of identify
 i - 4 scrolls of teleportation
 q - a scroll of fog
 u - a scroll of remove curse
 w - 2 scrolls of amnesia
Potions
 d - a potion of lignification
 g - 3 potions of curing
 j - a potion of might
 m - 2 potions of heal wounds
 o - a potion of haste
 v - a potion of flight
Comestibles
 c - 11 rations


   Skills:
 + Level 6.7 Fighting
 + Level 5.8 Axes
 - Level 5.1 Slings
 + Level 5.7 Armour
 + Level 5.5 Dodging
 + Level 6.9 Invocations


You had 8 spell levels left.
You didn't know any spells.
Your spell library contained the following spells:

 Spells                   Type           Power        Failure   Level  Hunger
 Magic Dart               Conj           #...         63%         1    ##.....
 Conjure Flame            Conj/Fire      #.......     94%         3    ####...
 Slow                     Hex            #.......     77%         2    ###....
 Mephitic Cloud           Conj/Pois/Air  #.......     94%         3    ####...
 Blink                    Tloc           N/A          77%         2    ###....
 Call Imp                 Summ           #.......     77%         2    ###....


Dungeon Overview and Level Annotations

Branches:
Dungeon (8/15)             Temple (0/1) D:6
   Lair: D:8-11

Altars:
Ashenzari
Sif Muna


Innate Abilities, Weirdness & Mutations

You have a pair of antennae on your head.
You are mostly covered in large bone plates. (SH +6)
You are slightly more attuned to the shadows.
You regenerate a little health from kills.


Message History

The tengu warrior is heavily wounded.
The tengu warrior misses you. You block the tengu warrior's attack.
The tengu warrior claws you but does no damage.
You barely miss the tengu warrior.
The tengu warrior is severely wounded.
The tengu warrior hits you with a long sword.
The tengu warrior barely misses you.
The tengu warrior claws you but does no damage.
You slash the tengu warrior!
The tengu warrior is almost dead.
The tengu warrior hits you with a long sword!
* * * LOW HITPOINT WARNING * * *
The tengu warrior pecks you but does no damage.
You block the tengu warrior's attack.
You miss the tengu warrior.
The tengu warrior is almost dead.
The tengu warrior hits you with a long sword!
* * * LOW HITPOINT WARNING * * *
The tengu warrior pecks you.
You die...

#........# #.# #........# #.#
#........# #.#### #........#
#.#... #........# #.#.#.
#........# #.#.#.
############........# #.#.#.
..............####### #.#.#.
...............Q@# #.#.#.
################)# #.#.#. #.#
#.#.#. #.# #.#.#.
#.###########.#.#. #############
#...........#.#.#.
............##############.#.#.#.
...................5...###.#.#.#.
............##########.#...#.#.#.


You could see a tengu warrior.

Vanquished Creatures
  A centaur warrior (D:8)
  A hippogriff (D:7)
  A soldier ant (D:8)
  An orc warrior (D:6)
  3 phantoms
  2 sky beasts
  5 ogres
  A necrophage (D:8)
  An eye of draining (D:8)
  A centaur (D:5)
  A big kobold (D:8)
  4 bullfrogs
  A scorpion (D:7)
  A water moccasin skeleton (D:5)
  3 killer bees (D:6)
  3 crimson imps
  3 hounds
  2 orc priests
  3 bullfrog skeletons
  5 orc wizards
  Jessica (D:2)
  Natasha (thrice) (D:2)
  3 iguanas
  4 worker ants
  12 gnolls
  2 worker ant zombies (D:6)
  5 adders
  2 shadow imps
  An ooze (D:2)
  2 worms (D:3)
  3 dart slugs
  4 leopard geckos
  20 orcs
  3 ball pythons
  11 bats
  13 giant cockroaches
  6 goblins
  7 hobgoblins
  7 jackals
  11 kobolds
  3 quokkas
  A frilled lizard (D:5)
  A giant cockroach zombie (D:5)
  A jackal skeleton (D:3)
  2 jackal zombies
  A leopard gecko skeleton (D:7)
  10 rats
182 creatures vanquished.

Notes
Turn   | Place    | Note
-------+----------+-------------------------------------------
     0 | Abyss:1  | PikkenKukken the Demonspawn Abyssal Knight began the quest for the Orb.
     0 | Abyss:1  | Reached XP level 1. HP: 18/18 MP: 2/2
    67 | Abyss:1  | Noticed a quasit
    67 | Abyss:1  | Noticed a small abomination
    68 | D:1      | Escaped the Abyss
   180 | D:1      | Reached skill level 1 in Dodging
   216 | D:1      | Reached * piety under Lugonu
   294 | D:1      | Gained mutation: You are partially covered in large bone plates. (SH +4) [demonic ancestry]
   294 | D:1      | Reached XP level 2. HP: 24/24 MP: 3/3
   982 | D:2      | Gained mutation: You have a pair of small antennae on your head. [demonic ancestry]
   982 | D:2      | Reached XP level 3. HP: 29/29 MP: 4/4
  1118 | D:2      | Reached skill level 1 in Slings
  1235 | D:2      | Noticed Natasha
  1326 | D:2      | Noticed Jessica
  1337 | D:2      | Killed Jessica
  1337 | D:2      | Gained mutation: You are mostly covered in large bone plates. (SH +6) [demonic ancestry]
  1337 | D:2      | Reached XP level 4. HP: 28/35 MP: 5/5
  1342 | D:2      | Killed Natasha
  1664 | D:2      | Noticed Natasha
  1685 | D:2      | Killed Natasha
  1849 | D:2      | Gained mutation: You have a pair of antennae on your head. [demonic ancestry]
  1849 | D:2      | Reached XP level 5. HP: 42/42 MP: 6/6
  2019 | D:2      | Reached ** piety under Lugonu
  2052 | D:2      | Noticed Natasha
  2071 | D:2      | Killed Natasha
  3097 | D:3      | Found a shattered altar of Ashenzari.
  3290 | D:4      | Noticed an ogre
  3308 | D:4      | Killed an ogre
  3308 | D:4      | Reached XP level 6. HP: 48/48 MP: 7/7
  3609 | D:4      | Gained mutation: You are slightly more attuned to the shadows. [demonic ancestry]
  3609 | D:4      | Reached XP level 7. HP: 42/55 MP: 8/8
  3789 | D:4      | Reached *** piety under Lugonu
  4400 | D:5      | Entered Level 5 of the Dungeon
  5062 | D:5      | Gained mutation: You regenerate a little health from kills. [demonic ancestry]
  5062 | D:5      | Reached XP level 8. HP: 57/61 MP: 10/10
  5073 | D:5      | Reached skill level 5 in Fighting
  5935 | D:6      | Found a staircase to the Ecumenical Temple.
  6052 | D:6      | Reached skill level 5 in Invocations
  6548 | D:7      | Found a deep blue altar of Sif Muna.
  6562 | D:7      | Reached **** piety under Lugonu
  6635 | D:7      | Noticed a hippogriff
  6668 | D:7      | Killed a hippogriff
  6668 | D:7      | Reached XP level 9. HP: 49/69 MP: 12/12
  6870 | D:7      | Reached skill level 5 in Axes
  7081 | D:7      | Reached skill level 5 in Armour
  7664 | D:8      | Reached skill level 5 in Dodging
  7703 | D:8      | Noticed a centaur warrior
  7712 | D:8      | Killed a centaur warrior
  7712 | D:8      | Reached skill level 5 in Slings
  8049 | D:8      | Noticed a tengu warrior
  8135 | D:7      | HP: 2/70 [tengu warrior/long sword (11)]
  8135 | D:7      | Slain by a tengu warrior

Vault maps used:
D:1:      nicolae_arrival_washed_ashore, st_stairs_7, due_unseen_surprise
D:2:      st_stairs_12, uniq_jessica, uniq_natasha
D:3:      ashenzari_altar_1, minmay_misc_feat_room, solitary_fountain
D:5:      first_ration, eino_curves_01
D:6:      minmay_temple_entry_statues_pillars
D:7:      basic_altar
D:8:      minmay_the_grid_octo_tiled_squarecenter, grunt_livestock, uniq_grum
Abyss:1:  minivault_13

Skill      XL: |  1  2  3  4  5  6  7  8  9 |
---------------+----------------------------+-----
Dodging        | 1 2 3 4 5 |  5.5
Axes           | 2 3 4 5 |  5.8
Armour         | 2 3 4 5 |  5.7
Slings         | 1 2 3 4 5 |  5.1
Fighting       | 4 5 6 |  6.7
Invocations    | 3 5 6 |  6.9

Action                   |  1- 3 |  4- 6 |  7- 9 || total
-------------------------+-------+-------+-------++-------
Melee: Hand axe          |    86 |    94 |       ||   180
       War axe           |       |    70 |   357 ||   427
 Fire: Hunting sling     |       |    68 |    78 ||   146
       Fustibalus        |       |       |    25 ||    25
Invok: Depart the Abyss  |     1 |       |       ||     1
  Use: Scroll            |     6 |     4 |     6 ||    16
       Potion            |       |       |     3 ||     3
  Eat: Chunk             |     3 |    16 |    14 ||    33
Armor: Scale mail        |    50 |    64 |   142 ||   256
Dodge: Dodged            |    48 |    73 |   188 ||   309
Block: Other             |    14 |    54 |   111 ||   179

Table legend:
 A = Spawn XP
 B = Non-spawn XP
 C = Spawn XP percentage of total XP
 D = Spawn monster count
 E = Non-spawn monster count
 F = Spawn count percentage of total count
 G = Total turns spent on level
                    A         B        C        D         E        F      G
               +---------+---------+-------+---------+---------+-------+---------
         Total |       0 |    5392 |   0.0 |       0 |     182 |   0.0 |  8135
               +---------+---------+-------+---------+---------+-------+---------
           D:1 |       0 |      40 |   0.0 |       0 |      22 |   0.0 |   936
           D:2 |       0 |     225 |   0.0 |       0 |      32 |   0.0 |  1450
           D:3 |       0 |     107 |   0.0 |       0 |      22 |   0.0 |   806
           D:4 |       0 |     550 |   0.0 |       0 |      26 |   0.0 |  1140
           D:5 |       0 |     675 |   0.0 |       0 |      17 |   0.0 |   770
           D:6 |       0 |     947 |   0.0 |       0 |      19 |   0.0 |  1031
           D:7 |       0 |     879 |   0.0 |       0 |      22 |   0.0 |  1552
           D:8 |       0 |    1969 |   0.0 |       0 |      22 |   0.0 |   382
               +---------+---------+-------+---------+---------+-------+---------
